PL
BOSTON PATRIOTS @ AUSTIN RANGERS
07/26/2029
 
TOP OF THE 1ST
Boston Patriots batting - Pitching for Austin Rangers : RHP Kyle Boddy
Pitching: RHP Kyle Boddy
Batting: LHB Alberto Enríquez 0-0: Foul Ball, location: 2F
0-1: Called Strike
0-2: Ground out 5-3 (Groundball, 56)
Batting: LHB Hideki Hisanobu 0-0: Ball
1-0: DOUBLE (Line Drive, 78M)
Batting: RHB Terry Armstrong 0-0: SINGLE (Groundball, 34D)
Hideki Hisanobu to third
Runner from 3rd tries for Home, SAFE, throw made home
Batting: RHB Tommy Jones 0-0: Swinging Strike
0-1: Swinging Strike
0-2: Strikes out swinging
Batting: RHB Tamasaburo Kato 0-0: Ball
1-0: Called Strike
1-1: Foul Ball, location: 2F
1-2: Foul Ball, location: 2F
1-2: Ball
2-2: Ball
3-2: SINGLE (Groundball, 56D)
Terry Armstrong to second
Terry Armstrong to third
Batting: RHB Eddie O'Bryan 0-0: Foul Ball, location: 2F
0-1: Foul Ball, location: 2F
0-2: Ground out 6-3 (Groundball, 6S)
Top of the 1st over - 1 run, 3 hits, 0 errors, 2 left on base; Boston 1 - Austin 0
BOTTOM OF THE 1ST
Austin Rangers batting - Pitching for Boston Patriots : RHP Valentín Rivera
Pitching: RHP Valentín Rivera
Batting: RHB Miguel Morán 0-0: Ball
1-0: Ground out 5-3 (Groundball, 56)
Batting: SHB Ricardo Pérez 0-0: Foul Ball, location: 2F
0-1: Ball
1-1: Ball
2-1: Fly out, F6 (Line Drive, 6)
Batting: LHB Jesús Reyes 0-0: Called Strike
0-1: Ball
1-1: Ground out U3 (Groundball, 3)
Bottom of the 1st over - 0 runs, 0 hits, 0 errors, 0 left on base; Boston 1 - Austin 0
TOP OF THE 2ND
Boston Patriots batting - Pitching for Austin Rangers : RHP Kyle Boddy
Batting: LHB Timmy Appeldoorn 0-0: Called Strike
0-1: Foul Ball, location: 2F
0-2: Ball
1-2: Ball
2-2: Strikes out swinging
Batting: RHB Sotaro Sakata 0-0: Called Strike
0-1: Called Strike
0-2: DOUBLE (Groundball, 5L)
Batting: LHB Bill Chambers 0-0: Ground out 6-3 (Groundball, 56D)
Batting: LHB Alberto Enríquez 0-0: Ground out 4-3 (Groundball, 4)
Top of the 2nd over - 0 runs, 1 hit, 0 errors, 1 left on base; Boston 1 - Austin 0
BOTTOM OF THE 2ND
Austin Rangers batting - Pitching for Boston Patriots : RHP Valentín Rivera
Batting: SHB Xavier Vásquez 0-0: Ball
1-0: Ground out 6-3 (Groundball, 6)
Batting: LHB Stefan Vanderhoof 0-0: Foul Ball, location: 2F
0-1: Ball
1-1: Ball
2-1: Fly out, F8 (Flyball, 89D)
Batting: RHB Tony Hernández 0-0: Swinging Strike
0-1: Ball
1-1: Foul Ball, location: 2F
1-2: SINGLE (Groundball, 56D)
Batting: RHB Freddy Torres 0-0: Ball
Wild Pitch!
Tony Hernández to second
1-0: Swinging Strike
1-1: Ball
2-1: SINGLE (Flyball, 78S)
Tony Hernández to third
Runner from 3rd tries for Home, SAFE, no throw
Batting: RHB Jesús Vásquez 0-0: Ball
1-0: Ball
2-0: Foul Ball, location: 2F
2-1: Ground out 5-3 (Groundball, 56S)
Bottom of the 2nd over - 1 run, 2 hits, 0 errors, 1 left on base; Boston 1 - Austin 1
TOP OF THE 3RD
Boston Patriots batting - Pitching for Austin Rangers : RHP Kyle Boddy
Batting: LHB Hideki Hisanobu 0-0: Ball
1-0: Ground out 6-3 (Groundball, 6)
Batting: RHB Terry Armstrong 0-0: Ground out 5-3 (Groundball, 56)
Batting: RHB Tommy Jones 0-0: Ball
1-0: Called Strike
1-1: Ball
2-1: Ball
3-1: Base on Balls
Batting: RHB Tamasaburo Kato 0-0: Called Strike
0-1: Called Strike
0-2: Ball
1-2: Foul Ball, location: 2F
1-2: Ball
2-2: Ball
3-2: Fly out, F6 (Popup, 15S)
Top of the 3rd over - 0 runs, 0 hits, 0 errors, 1 left on base; Boston 1 - Austin 1
BOTTOM OF THE 3RD
Austin Rangers batting - Pitching for Boston Patriots : RHP Valentín Rivera
Batting: RHB Jesús Villalba 0-0: Fly out, F8 (Flyball, 78D)
Batting: RHB Miguel Morán 0-0: Ground out 6-3 (Groundball, 6)
Batting: SHB Ricardo Pérez 0-0: Ball
1-0: Foul Ball, location: 2F
1-1: Called Strike
1-2: Fly out, F8 (Line Drive, 8LM)
Bottom of the 3rd over - 0 runs, 0 hits, 0 errors, 0 left on base; Boston 1 - Austin 1
TOP OF THE 4TH
Boston Patriots batting - Pitching for Austin Rangers : RHP Kyle Boddy
Batting: RHB Eddie O'Bryan 0-0: Ground out 3-1 (Groundball, 34)
Batting: LHB Timmy Appeldoorn 0-0: Called Strike
0-1: Called Strike
0-2: Foul Ball, location: 2F
0-2: Fly out, F4 (Flyball, 34D)
Batting: RHB Sotaro Sakata 0-0: Ground out 6-3 (Groundball, 6)
Top of the 4th over - 0 runs, 0 hits, 0 errors, 0 left on base; Boston 1 - Austin 1
BOTTOM OF THE 4TH
Austin Rangers batting - Pitching for Boston Patriots : RHP Valentín Rivera
Batting: LHB Jesús Reyes 0-0: Called Strike
0-1: Foul Ball, location: 2F
0-2: Fly out, F9 (Flyball, 9S)
Batting: SHB Xavier Vásquez 0-0: Called Strike
0-1: Ball
1-1: Ground out U3 (Groundball, 34)
Batting: LHB Stefan Vanderhoof 0-0: Fly out, F9 (Flyball, 9S)
Bottom of the 4th over - 0 runs, 0 hits, 0 errors, 0 left on base; Boston 1 - Austin 1
TOP OF THE 5TH
Boston Patriots batting - Pitching for Austin Rangers : RHP Kyle Boddy
Batting: LHB Bill Chambers 0-0: Ball
1-0: Called Strike
1-1: Fly out, F9 (Flyball, 9LM)
Batting: LHB Alberto Enríquez 0-0: Ball
1-0: Foul Ball, location: 2F
1-1: Fly out, F3 (Line Drive, 3)
Batting: LHB Hideki Hisanobu 0-0: Ball
1-0: Foul Ball, location: 2F
1-1: Swinging Strike
1-2: Strikes out swinging
Top of the 5th over - 0 runs, 0 hits, 0 errors, 0 left on base; Boston 1 - Austin 1
BOTTOM OF THE 5TH
Austin Rangers batting - Pitching for Boston Patriots : RHP Valentín Rivera
Batting: RHB Tony Hernández 0-0: Ball
1-0: Called Strike
1-1: Called Strike
1-2: Foul Ball, location: 2F
1-2: Ground out U3 (Groundball, 34)
Batting: RHB Freddy Torres 0-0: Called Strike
0-1: Called Strike
0-2: Ball
1-2: Foul Ball, location: 2F
1-2: Strikes out swinging
Batting: RHB Jesús Vásquez 0-0: Ground out 5-3 (Groundball, 56)
Bottom of the 5th over - 0 runs, 0 hits, 0 errors, 0 left on base; Boston 1 - Austin 1
TOP OF THE 6TH
Boston Patriots batting - Pitching for Austin Rangers : RHP Kyle Boddy
Batting: RHB Terry Armstrong 0-0: Ball
1-0: Called Strike
1-1: Called Strike
1-2: Foul Ball, location: 2F
1-2: Ball
2-2: Ground out 5-3 (Groundball, 56)
Batting: RHB Tommy Jones 0-0: Ball
1-0: Ball
2-0: Ball
3-0: Base on Balls
Batting: RHB Tamasaburo Kato 0-0: Ball
1-0: Ball
2-0: Called Strike
2-1: Foul Ball, location: 2F
2-2: Strikes out looking
Batting: RHB Eddie O'Bryan 0-0: Ball
1-0: Called Strike
1-1: Fielders Choice at 2nd, 5-4 (Groundball, 5)
Top of the 6th over - 0 runs, 0 hits, 0 errors, 1 left on base; Boston 1 - Austin 1
BOTTOM OF THE 6TH
Austin Rangers batting - Pitching for Boston Patriots : RHP Valentín Rivera
Batting: RHB Jesús Villalba 0-0: Ground out 6-3 (Groundball, 6)
Batting: RHB Miguel Morán 0-0: Called Strike
0-1: Ball
1-1: Ball
2-1: Called Strike
2-2: Fly out, F9 (Flyball, 9LM)
Batting: SHB Ricardo Pérez 0-0: Foul Ball, location: 2F
0-1: Ball
1-1: Ball
2-1: Called Strike
2-2: Ball
3-2: Foul Ball, location: 2F
3-2: Foul Ball, location: 2F
3-2: Base on Balls
Batting: LHB Jesús Reyes 0-0: Foul Ball, location: 2F
0-1: Ball
1-1: Ball
2-1: Called Strike
2-2: SINGLE (Groundball, 34D)
Ricardo Pérez to second
Runner from 2nd tries for 3rd, SAFE, throw made to third
Batting: SHB Xavier Vásquez 0-0: Fly out, F8 (Flyball, 89D)
Bottom of the 6th over - 0 runs, 1 hit, 0 errors, 2 left on base; Boston 1 - Austin 1
TOP OF THE 7TH
Boston Patriots batting - Pitching for Austin Rangers : RHP Kyle Boddy
Batting: LHB Timmy Appeldoorn 0-0: Ball
1-0: Swinging Strike
1-1: Foul Ball, location: 2F
1-2: Ball
2-2: Ball
3-2: Base on Balls
Batting: RHB Sotaro Sakata 0-0: Swinging Strike
0-1: Called Strike
0-2: Foul Ball, location: 2F
0-2: Ball
1-2: 2-RUN HOME RUN (Flyball, 9D), Distance : 415 ft
Batting: LHB Bill Chambers 0-0: Called Strike
0-1: Ball
1-1: Swinging Strike
1-2: Ball
2-2: Foul Ball, location: 2F
2-2: Ball
3-2: Foul Ball, location: 2F
3-2: Foul Ball, location: 2F
3-2: Fly out, F7 (Flyball, 7LSF)
Batting: LHB Alberto Enríquez 0-0: Swinging Strike
0-1: Ball
1-1: Foul Ball, location: 2F
1-2: Ball
2-2: Foul Ball, location: 2F
2-2: Ball
3-2: SOLO HOME RUN (Flyball, 9D), Distance : 412 ft
Batting: LHB Hideki Hisanobu 0-0: Swinging Strike
0-1: Called Strike
0-2: Ball
1-2: Ground out 4-3 (Groundball, 4)
Batting: RHB Terry Armstrong 0-0: Called Strike
0-1: Swinging Strike
0-2: Ball
1-2: Ball
2-2: Ball
3-2: Fly out, F4 (Popup, 4S)
Top of the 7th over - 3 runs, 2 hits, 0 errors, 0 left on base; Boston 4 - Austin 1
BOTTOM OF THE 7TH
Austin Rangers batting - Pitching for Boston Patriots : RHP Valentín Rivera
Batting: LHB Stefan Vanderhoof 0-0: Ball
1-0: Ground out 4-3 (Groundball, 4)
Batting: RHB Tony Hernández 0-0: Foul Ball, location: 2F
0-1: Fly out, F8 (Flyball, 8RD)
Batting: RHB Freddy Torres 0-0: Called Strike
0-1: Ball
1-1: Called Strike
1-2: Ball
2-2: Ball
3-2: Fly out, F6 (Line Drive, 6)
Bottom of the 7th over - 0 runs, 0 hits, 0 errors, 0 left on base; Boston 4 - Austin 1
TOP OF THE 8TH
Boston Patriots batting - Pitching for Austin Rangers : RHP Kyle Boddy
Batting: RHB Tommy Jones 0-0: Swinging Strike
0-1: Foul Ball, location: 2F
0-2: Ball
1-2: Ball
2-2: SINGLE (Groundball, 2R) (infield hit)
Pitching: RHP Gavin Blackburn
Batting: RHB Tamasaburo Kato 0-0: Ball
1-0: Foul Ball, location: 2F
1-1: Foul Ball, location: 2F
1-2: Grounds into double play, 4-6-3 (Groundball, 4M)
Batting: RHB Eddie O'Bryan 0-0: Ball
1-0: Ball
2-0: Called Strike
2-1: Ball
3-1: Base on Balls
Batting: LHB Timmy Appeldoorn 0-0: Called Strike
0-1: Ball
1-1: SINGLE (Line Drive, 8RS)
Eddie O'Bryan to second
Batting: RHB Sotaro Sakata 0-0: Foul Ball, location: 2F
0-1: Ball
1-1: Called Strike
1-2: Ball
2-2: Ground out 6-3 (Groundball, 6M)
Top of the 8th over - 0 runs, 2 hits, 0 errors, 2 left on base; Boston 4 - Austin 1
BOTTOM OF THE 8TH
Austin Rangers batting - Pitching for Boston Patriots : RHP Valentín Rivera
Batting: RHB Jesús Vásquez 0-0: Called Strike
0-1: Ball
1-1: SINGLE (Groundball, 56D)
Batting: RHB Jesús Villalba 0-0: Fielders Choice at 2nd, 3-6 (Groundball, 3)
Batting: RHB Miguel Morán 0-0: Ball
1-0: Foul Ball, location: 2F
1-1: Ball
2-1: Ground out 5-3 (Groundball, 56S)
Jesús Villalba to second
Batting: SHB Ricardo Pérez 0-0: Ball
1-0: Foul Ball, location: 2F
1-1: Ball
2-1: Ground out 6-3 (Groundball, 6D)
Bottom of the 8th over - 0 runs, 1 hit, 0 errors, 1 left on base; Boston 4 - Austin 1
TOP OF THE 9TH
Boston Patriots batting - Pitching for Austin Rangers : RHP Gavin Blackburn
Batting: LHB Bill Chambers 0-0: Called Strike
0-1: Ball
1-1: Ball
2-1: DOUBLE (Line Drive, 7LM)
Batting: LHB Alberto Enríquez 0-0: Ball
1-0: SINGLE (Line Drive, 9S)
Bill Chambers to third
Batting: LHB Hideki Hisanobu 0-0: Called Strike
0-1: Ball
1-1: Called Strike
Alberto Enríquez steals 2nd base
1-2: Ball
2-2: Foul Ball, location: 2F
2-2: Fly out, F9 (Line Drive, 89M)
Runner from 3rd tags up, OUT at HOME
Alberto Enríquez to third
Batting: RHB Terry Armstrong 0-0: Ball
1-0: Called Strike
1-1: Fly out, F9 (Flyball, 9LM)
Top of the 9th over - 0 runs, 2 hits, 0 errors, 1 left on base; Boston 4 - Austin 1
BOTTOM OF THE 9TH
Austin Rangers batting - Pitching for Boston Patriots : RHP Valentín Rivera
Batting: LHB Jesús Reyes 0-0: Ball
1-0: Ball
2-0: DOUBLE (Flyball, 89D)
Pitching: RHP Folkert van Huizen
Batting: SHB Xavier Vásquez 0-0: Called Strike
0-1: Fly out, F5 (Popup, 5F)
Batting: LHB Stefan Vanderhoof 0-0: Called Strike
0-1: Foul Ball, location: 2F
0-2: Ball
1-2: Strikes out swinging
Batting: RHB Tony Hernández 0-0: Ball
1-0: DOUBLE (Line Drive, 5D)
Jesús Reyes scores
Pinch Hitting: LHB Count Dante 0-0: Ball
1-0: Called Strike
1-1: Called Strike
1-2: Ball
2-2: Strikes out swinging
Bottom of the 9th over - 1 run, 2 hits, 0 errors, 1 left on base; Boston 4 - Austin 2
Tuesday, December 19th, 2017 - OOTP Baseball 18.8 Build 76